 Dungeon Crawl Stone Soup version 0.14-a0-3367-g7c2a7eb (console) character file.

1775 gheis the Ducker (level 8, -1/42 HPs)
             Began as a Vine Stalker Chaos Knight on Mar 19, 2014.
             Was a Plaything of Xom.
             Slain by a giant goldfish (3 damage)
             ... on Level 6 of the Dungeon.
             The game lasted 00:40:03 (4550 turns).

gheis the Ducker (Vine Stalker Chaos Knight)        Turns: 4550, Time: 00:40:03

HP  -1/42        AC  6     Str 15      XL: 8   Next: 74%
MP   0/12        EV 10     Int 12      God: Xom
Gold 331         SH 24     Dex 18      Spells:  1 memorised,  4 levels left

rFire  . . .     SeeInvis .     a - +3,-1 short sword (chaos)
rCold  . . .     Clarity  .     A - +2 leather armour
rNeg   . . .     Conserve .     C - +0 large shield
rPois  +         rCorr    .     w - +0 helmet
rElec  .         rRot     +     (no cloak)
SustAb . .       Spirit   +     (no gloves)
rMut   .         Warding  .     (no boots)
Saprov . . .     Stasis   .     (no amulet)
MR     +....                    (no ring)
                                i - ring of poison resistance

@: drained, somewhat resistant to hostile enchantments, stealthy
A: fangs 3, hooves 1, thin skeletal structure 1, high mp 1, regeneration 2,
magic shield, antimagic bite, no device heal
a: Renounce Religion


You were on level 6 of the Dungeon.
You worshipped Xom.
You were a special plaything of Xom.
You were not hungry.

You visited 1 branch of the dungeon, and saw 6 of its levels.

You collected 359 gold pieces.
You spent 28 gold pieces at shops.

Inventory:

Hand weapons
 a - a +3,-1 short sword of chaos (weapon)
 b - a +0,+2 dagger of venom
Missiles
 y - 4 darts of dispersal (quivered)
Armour
 n - a +0 chain mail
 q - a +0 buckler
 u - a +0 pair of boots
 w - a +0 helmet (worn)
 A - a +2 leather armour (worn)
 C - a +0 large shield (worn)
Magical devices
 s - a wand of teleportation (6)
 z - a wand of digging (10)
 J - a wand of random effects (17) {unknown}
Comestibles
 c - 4 bread rations
 d - a rambutan
 f - 2 pears
 g - 4 meat rations
 h - 2 lychees
 l - an apple
 p - an orange
 r - 4 rotting chunks of gnoll flesh
 v - 2 chunks of ogre flesh
 E - 2 chunks of worker ant flesh
 I - 14 sultanas
Scrolls
 e - 4 scrolls of remove curse
 k - 2 scrolls of identify
 o - 2 scrolls of enchant weapon I
 t - 2 scrolls of teleportation
 D - a scroll of blinking
 H - a scroll of fear
Jewellery
 i - a ring of poison resistance (left hand)
Potions
 j - 3 potions of restore abilities
 m - 3 potions of curing
 x - a potion of porridge
 F - 2 potions of brilliance
 G - a potion of agility
Books
 B - a book of Geomancy

   Spells                             Type                      Level
   Sandblast                          Earth                        1
   Stoneskin                          Transmutation/Earth          2
   *Passwall                          Transmutation/Earth          3
   Stone Arrow                        Conjuration/Earth            3
   Petrify                            Transmutation/Earth          4
   Lee's Rapid Deconstruction         Earth                        5


   Skills:
 + Level 4.0(3.9) Fighting
 + Level 4.6(4.5) Short Blades
 + Level 0.6(0.5) Throwing
 + Level 4.3(4.2) Armour
 + Level 5.3(5.2) Dodging
 + Level 4.0(3.9) Stealth
 + Level 1.2(1.1) Shields
 + Level 0.2(0.1) Unarmed Combat
 + Level 0.4(0.3) Evocations


You had 4 spell levels left.
You knew the following spells:

 Your Spells              Type           Power        Failure   Level  Hunger
a - Passwall              Trmt/Erth      #.........   100%        3    ####...


Dungeon Overview and Level Annotations

Branches:
Dungeon (6/15)
 Temple: D:4-7

Altars:
Nemelex Xobeh
Xom
Zin

Shops:
D:5 *   D:6 *


Innate Abilities, Weirdness & Mutations

You have razor-sharp teeth.
You heal very quickly.
When hurt, damage is shared between your health and your magic reserves.
Your bite disrupts and absorbs the magic of your enemies.
Potions and wands cannot restore your HP.
You have large cloven feet.
You have a somewhat thin skeletal structure (Dex +2, Stlth).
You have an increased reservoir of magic (+10% MP).


Message History

The giant goldfish is almost dead.
You block the big fish's attack. The giant goldfish barely misses you.
You block the giant goldfish's attack. "This might be better!"
The giant goldfish seems to grow stronger.
The electric eel shoots out a bolt of electricity!
The bolt of electricity hits you! The giant goldfish bites you.
The electric eel shoots out a bolt of electricity!
The bolt of electricity hits you! x2
The giant goldfish bites you.
The giant goldfish bites you but does no damage.
The electric eel shoots out a bolt of electricity!
The bolt of electricity hits you!
* * * LOW HITPOINT WARNING * * *
The electric eel shoots out a bolt of electricity!
The bolt of electricity hits you!
* * * LOW HITPOINT WARNING * * *
The giant goldfish bites you.
You die...
Xom thinks this is hilarious!

####.####...♣
#.......[..♣≈.≈
#.##.###..♣.≈≈..
#.##.# #>♣≈≈..≈.≈
#.##.# #.♣.≈)≈.≈.≈
#.##.# #♣.≈.≈..≈.≈≈
#.##.# #♣.≈..≈;.≈..
#.##.# #♣≈.≈;..≈.≈≈
#.##.###♣≈@≈.≈≈.≈..≈
#.##.>...♣;.≈.≈.≈.≈.
#.######.♣.(;;.≈.≈..
#.# #.#♣{.?≈≈..≈≈
#.# #.##♣.≈..≈≈. #.#
#....♣♣≈≈..♣ #.#
###.###♣♣♣♣# #.# #.
### #.# #.


You could see 3 giant goldfish and 2 electric eels.

Vanquished Creatures
  Grinder (D:5)
  The ghost of schwarznadel the Shield-Bearer, an average FoFi (D:3)
  Menkaure (D:4)
  An ice beast (D:5)
  3 ogres
  Duvessa (D:4)
  Dowan (D:4)
  2 jellies (D:5)
  2 orc priests (D:5)
  An iguana (D:5)
  An orc wizard (D:5)
  2 worker ants
  Ijyb (D:2)
  10 adders
  4 gnolls (D:5)
  2 shadow imps
  2 worms
  An elf skeleton (D:4)
  4 giant geckos
  14 orcs
  12 bats
  11 hobgoblins
  14 jackals
  12 kobolds
  4 ball pythons
  3 giant cockroaches
  6 giant newts
  9 goblins
  A hobgoblin skeleton (D:4)
  A kobold skeleton (D:4)
  An orc zombie (D:3)
  3 quokkas
  2 quokka skeletons (D:4)
  6 rats
140 creatures vanquished.

Vanquished Creatures (others)
  A worm zombie (D:2)
  A white imp (D:3)
  A goblin (D:2)
  A jackal zombie (D:5)
4 creatures vanquished.

Grand Total: 144 creatures vanquished

Notes
Turn   | Place    | Note
--------------------------------------------------------------
     0 | D:1      | gheis, the Vine Stalker Chaos Knight, began the quest for the Orb.
     0 | D:1      | Reached XP level 1. HP: 11/11 MP: 1/1
    22 | D:1      | XOM: potion effect (berserk rage)
    30 | D:1      | Reached XP level 2. HP: 16/16 MP: 3/3
    40 | D:1      | XOM: divination: detect creatures
   227 | D:1      | Paralysed by a potion of paralysis for 4 turns
   258 | D:1      | Reached skill level 3 in Fighting
   835 | D:1      | XOM: harmless Fire miscast
   864 | D:2      | Reached skill level 1 in Dodging
   864 | D:2      | Reached XP level 3. HP: 20/20 MP: 4/4
   915 | D:2      | XOM: cast spell 'Metabolic Englaciation'
  1048 | D:2      | Reached XP level 4. HP: 24/24 MP: 5/5
  1127 | D:2      | Noticed Ijyb
  1138 | D:2      | Killed Ijyb
  1291 | D:2      | XOM: harmless Fire miscast
  1460 | D:2      | XOM: harmless Fire miscast
  1740 | D:3      | XOM: cast spell 'Dragon Form'
  1813 | D:3      | Reached XP level 5. HP: 28/28 MP: 7/7
  1854 | D:3      | XOM: vitrification
  1933 | D:3      | XOM: god gift: chain mail {god gift}
  2004 | D:3      | Noticed schwarznadel's ghost (average FoFi)
  2028 | D:3      | XOM: confuse monster(s)
  2057 | D:3      | XOM: enchant monster (bad)
  2130 | D:3      | XOM: divination: magic mapping
  2149 | D:3      | XOM: confuse monster(s)
  2160 | D:3      | XOM: confuse monster(s)
  2244 | D:3      | XOM: summons friendly white imp
  2249 | D:3      | Killed schwarznadel's ghost
  2249 | D:3      | Gained mutation: You heal very quickly. [vine stalker growth]
  2249 | D:3      | Reached XP level 6. HP: 25/32 MP: 6/8
  2347 | D:3      | XOM: enchant monster (bad)
  2372 | D:3      | Noticed an ogre
  2378 | D:3      | XOM: mild Conj miscast
  2385 | D:3      | XOM: noise
  2410 | D:3      | XOM: harmless Divn miscast
  2428 | D:3      | XOM: noise
  2430 | D:3      | Killed an ogre
  2430 | D:3      | Reached skill level 1 in Stealth
  2732 | D:4      | Noticed Duvessa
  2732 | D:4      | Noticed Dowan
  2740 | D:3      | Found a glowing silver altar of Zin.
  2787 | D:4      | XOM: confusion (+ monsters)
  2806 | D:4      | XOM: swap weapons
  2815 | D:4      | Killed Duvessa
  2815 | D:4      | Reached XP level 7. HP: 17/37 MP: 4/9
  2819 | D:4      | Killed Dowan
  2872 | D:4      | XOM: harmless Erth miscast
  3018 | D:4      | XOM: give mutation
  3018 | D:4      | Gained mutation: Your muscles are strong. (Str +2) [Xom's mischief]
  3120 | D:4      | Noticed Menkaure
  3127 | D:4      | XOM: medium Hex miscast
  3131 | D:4      | Killed Menkaure
  3131 | D:4      | Reached skill level 4 in Short Blades
  3221 | D:4      | XOM: give mutations
  3221 | D:4      | Gained mutation: You have an increased reservoir of magic (+10% MP). [Xom's mischief]
  3221 | D:4      | Gained mutation: You are frail (-10% HP). [Xom's mischief]
  3221 | D:4      | Lost mutation: Your muscles are strong. (Str +2) [Xom's mischief]
  3225 | D:4      | XOM: give mutation
  3225 | D:4      | Lost mutation: You are frail (-10% HP). [Xom's grace]
  3304 | D:4      | XOM: give mutations
  3304 | D:4      | Gained mutation: You have a somewhat thin skeletal structure (Dex +2, Stlth). [Xom's grace]
  3304 | D:4      | Gained mutation: You have large cloven feet. [Xom's grace]
  3332 | D:4      | Found a sparkling altar of Nemelex Xobeh.
  3481 | D:5      | Entered Level 5 of the Dungeon
  3656 | D:5      | Noticed Grinder
  3661 | D:5      | XOM: 2-stop teleportation journey
  3664 | D:5      | Found Ghuefuem's Serpentskin Sales.
  3674 | D:5      | XOM: 1-stop teleportation journey
  3860 | D:5      | Killed Grinder
  3860 | D:5      | Gained mutation: You have razor-sharp teeth. [vine stalker growth]
  3860 | D:5      | Reached XP level 8. HP: 24/42 MP: 10/12
  3879 | D:5      | Found a shimmering altar of Xom.
  4084 | D:5      | XOM: confuse monster(s)
  4094 | D:5      | Noticed Edmund
  4111 | D:5      | Noticed Edmund
  4111 | D:5      | Edmund changed into Edmund the ice beast
  4111 | D:5      | XOM: inner flame monster(s)
  4131 | D:5      | Killed Edmund the ice beast
  4131 | D:5      | Reached skill level 5 in Dodging
  4131 | D:5      | Reached skill level 1 in Shields
  4211 | D:5      | Learned a level 3 spell: Passwall
  4380 | D:5      | XOM: mild Conj miscast
  4405 | D:5      | XOM: vitrification
  4443 | D:6      | Found Cuvoh's Assorted Antiques.
  4450 | D:6      | Bought a cyan potion for 28 gold pieces
  4548 | D:6      | XOM: enchant monster (bad)
  4550 | D:6      | HP: 2/42 [electric eel/bolt of electricity (6)]
  4550 | D:6      | Slain by a giant goldfish

Action                   |  1- 3 |  4- 6 |  7- 9 || total
-------------------------+-------+-------+-------++-------
Melee: Short sword       |    77 |   209 |   138 ||   424
       Unarmed           |       |     3 |       ||     3
       Dagger            |       |       |    41 ||    41
Throw: Dart              |       |     5 |       ||     5
 Abil: Breathe Fire      |       |     1 |       ||     1
Evoke: Wand              |       |     1 |       ||     1
  Use: Scroll            |     6 |     3 |     6 ||    15
       Potion            |     4 |     2 |     4 ||    10
 Stab: Confused          |       |     1 |       ||     1
       Sleeping          |       |       |     5 ||     5
       Paralysed         |       |       |     1 ||     1
